 Dungeon Crawl Stone Soup version 0.20.1-1-g8b1a95d (webtiles) character file.

636 Greyaxe the Bolt Thrower (level 7, -1/57 (58) HPs)
             Began as a Minotaur Hunter on Aug 16, 2017.
             Was a Follower of Dithmenos.
             Slain by a bullfrog (5 damage)
             ... on level 5 of the Dungeon.
             The game lasted 00:33:58 (6344 turns).

Greyaxe the Bolt Thrower (Minotaur Hunter)          Turns: 6344, Time: 00:33:59

HP:   -1/57 (58)    AC:  3    Str: 15 (18) XL:     7   Next: 25%
MP:   6/6           EV: 12    Int:  7 (8)  God:    Dithmenos [*.....]
Gold: 218           SH:  0    Dex: 10 (11) Spells: 6/6 levels left

rFire    . . .     SeeInvis .   j - +0 hand axe (chop)
rCold    . . .     Gourm    .   (no shield)
rNeg     . . .     Faith    .   c - +0 leather armour
rPois    .         Spirit   .   (helmet restricted)
rElec    .         Reflect  .   (no cloak)
rCorr    .         Harm     .   (no gloves)
MR       .....                  (no boots)
Stlth    ++........             (no amulet)
Regen    0.2/turn               (no ring)
MPRegen  0.1/turn               (no ring)

@: about to teleport, wreathed by umbra
A: retaliatory headbutt, horns 2
a: Renounce Religion


You were on level 5 of the Dungeon.
You worshipped Dithmenos.
Dithmenos was aware of your devotion.
You were not hungry.

You visited 2 branches of the dungeon, and saw 7 of its levels.

You collected 218 gold pieces.

Inventory:

Hand Weapons
 a - a +2 hand crossbow
 b - a +0 short sword
 j - a +0 hand axe of chopping (weapon)
Missiles
 d - 62 bolts
Armour
 c - a +0 leather armour (worn)
 n - a +0 helmet
Scrolls
 e - 6 scrolls of identify
 l - 3 scrolls of amnesia
 m - a scroll of remove curse
Potions
 g - a potion of lignification {unknown}
 p - a potion of ambrosia
Comestibles
 f - 3 bread rations
 i - 8 fruits
 k - a royal jelly


   Skills:
 + Level 3.8 Fighting
 * Level 2.9 Short Blades
 * Level 4.7 Axes
 + Level 5.7 Crossbows
 + Level 2.9 Armour
 + Level 2.4 Dodging
 * Level 2.6 Stealth


You had 6 spell levels left.
You didn't know any spells.

Dungeon Overview and Level Annotations

Branches:
Dungeon (6/15)             Temple (1/1) D:4

Altars:
Ashenzari
Dithmenos
Fedhas
Gozag
Hepliaklqana
Kikubaaqudgha
Makhleb
Nemelex Xobeh
Okawaru
Qazlal
Ru
Sif Muna
Trog
Uskayaw
Vehumet
Yredelemnul
Zin
The Shining One


Innate Abilities, Weirdness & Mutations

You reflexively headbutt those who attack you in melee.
You have a pair of horns on your head.


Message History

The bullfrog misses you. The bullfrog hits you.
* * * LOW HITPOINT WARNING * * *
The bullfrog hits you.
* * * LOW HITPOINT WARNING * * *
There is a stone staircase leading up here.
The bullfrog barely misses you.
The bullfrog hits you but does no damage.
You climb upwards.
There is a stone staircase leading down here.
You barely miss the bullfrog. You headbutt the bullfrog.
The bullfrog is lightly wounded.
The bullfrog hits you.
* * * LOW HITPOINT WARNING * * *
As you read the scroll of teleportation, it crumbles to dust.
You feel strangely unstable. The bullfrog closely misses you.
The bullfrog barely misses you. The bullfrog closely misses you.
The bullfrog hits you.
You die...

#######.....#......# #.###..
..[.........#.#..#.# ##'##...
######.##+###.#..#.# #...#...
#...#.##.# #.#..#.# #...#...
#.#.#.##.# #.#..#.# #...#...
#.#.#'##.# #.#..#.# #...#...
#.#......###.#..#.# #...#...
#.#........#.#..#.# #...#...
#.#......#.#.#.@#.# #...'...
##.########.#.#.F#.#######...###'
...# #..........>................
######.####.#.#..#.###...#######.
.......# #.#.#..#...#...#######.
######### #.#.####)..#........###
........###.#....'...###......##≈
#######.#...######...# #.....##≈≈
#.#.### #...# #.....#≈≈.


You could see a bullfrog.

Vanquished Creatures
  A necrophage (D:5)
  2 hounds (D:5)
  An orc wizard (D:3)
  5 orc priests
  A bullfrog skeleton (D:5)
  An iguana (D:5)
  3 worker ants (D:5)
  2 worker ant zombies (D:5)
  2 adders (D:2)
  A shadow imp (D:5)
  3 oozes
  4 worms
  3 dart slugs
  A leopard gecko (D:2)
  18 orcs
  5 giant cockroaches
  6 goblins
  9 hobgoblins
  6 jackals (D:1)
  12 kobolds
  A quokka (D:5)
  2 ball pythons
  8 bats
  5 frilled lizards
  A quokka zombie (D:5)
  8 rats
111 creatures vanquished.

Notes
Turn   | Place    | Note
-------+----------+-------------------------------------------
     0 | D:1      | Greyaxe the Minotaur Hunter began the quest for the Orb.
     0 | D:1      | Reached XP level 1. HP: 18/18 MP: 0/0
   136 | D:1      | Reached skill level 1 in Stealth
   200 | D:1      | Reached XP level 2. HP: 25/25 MP: 1/1
   790 | D:1      | Reached skill level 5 in Crossbows
   892 | D:1      | Reached XP level 3. HP: 17/30 MP: 2/2
  1820 | D:2      | Reached skill level 1 in Armour
  1985 | D:2      | Reached XP level 4. HP: 37/37 MP: 3/3
  2087 | D:2      | Found a glowing silver altar of Zin.
  2107 | D:2      | Reached skill level 1 in Short Blades
  2692 | D:3      | Reached XP level 5. HP: 22/44 MP: 4/4
  3324 | D:3      | Found a shadowy altar of Dithmenos.
  3331 | D:3      | Became a worshipper of Dithmenos the Shadowed
  3473 | D:4      | Reached skill level 1 in Axes
  3743 | D:4      | Found a staircase to the Ecumenical Temple.
  3774 | Temple   | Entered the Ecumenical Temple
  4097 | D:4      | Found a hide-covered altar of Uskayaw.
  4098 | D:4      | Noticed a dagger
  4098 | D:4      | Noticed a dagger
  4430 | D:5      | Entered Level 5 of the Dungeon
  4489 | D:5      | Reached XP level 6. HP: 48/51 MP: 5/5
  5275 | D:5      | Reached * piety under Dithmenos
  5370 | D:5      | HP: 2/51 [poisoned by a worker ant]
  5378 | D:5      | HP: 2/51 [poisoned by a worker ant]
  5971 | D:5      | Reached XP level 7. HP: 39/57 MP: 6/6
  6344 | D:5      | Slain by a bullfrog

Skill      XL: |  1  2  3  4  5  6 |
---------------+-------------------+-----
Stealth        | 1 2 |  2.6
Crossbows      | 5 |  5.7
Armour         | 1 2 |  2.9
Short Blades   | 1 2 |  2.9
Axes           | 2 4 |  4.7
Fighting       | 3 |  3.8
Dodging        | |  2.4

Action                   |  1- 3 |  4- 6 |  7- 9 || total
-------------------------+-------+-------+-------++-------
Melee: Hand crossbow     |    42 |       |       ||    42
       Headbutt          |     7 |    25 |     7 ||    39
       Hand axe          |       |   128 |    25 ||   153
 Fire: Hand crossbow     |    65 |    22 |       ||    87
  Use: Scroll            |     3 |     8 |     1 ||    12
       Potion            |     2 |     6 |       ||     8
 Stab: Sleeping          |       |     2 |       ||     2
       Invisible         |       |     1 |       ||     1
  Eat: Meat ration       |     1 |     2 |       ||     3
       Bread ration      |       |       |     1 ||     1
Armor: Leather armour    |    26 |    16 |     3 ||    45
Dodge: Dodged            |    75 |    74 |    13 ||   162
